 Dungeon Crawl Stone Soup version 0.31.0-12-g77e489cdc1 (webtiles) character file.

Game seed: 524474506081381148

2425611 monsoonserge the Sorcerer (level 27, 227/227 HPs)
             Began as a Gnoll Air Elementalist on Feb 13, 2024.
             Was the Champion of Vehumet.
             Escaped with the Orb
             ... and 5 runes on Feb 14, 2024!
             The game lasted 12:05:56 (109537 turns).

monsoonserge the Sorcerer (GnAE)                  Turns: 109537, Time: 12:05:57

Health: 227/227    AC: 38    Str: 25    XL:     27
Magic:  51/51      EV: 13    Int: 25    God:    Vehumet [******]
Gold:   7236       SH: 15    Dex: 13    Spells: 7/75 levels left

rFire   + . .        V - +8 demon trident "Rift" {distort, reach+}
rCold   + + +        A - +0 kite shield {reflect}
rNeg    . . .        L - +7 gold dragon scales
rPois   +            (helmet restricted)
rElec   +            v - +4 dragonskin cloak
rCorr   .            q - +1 pair of gloves of Youthful Indiscretion {Dex+2}
SInv    +            P - +3 pair of mountain boots {steadfast, rC+}
Will    ++...        l - amulet of Zofuops {RegenMP Harm rPois Str+9 Dex-3}
Stlth   +            U - ring of the Mage {Wiz Archmagi}
HPRegen 0.57/turn    T - ring "Taiqofozxo" {rElec rC+ Str+6 SInv}
MPRegen 0.72/turn

%: harm (+30% outgoing, +20% incoming), reflection, wizardry (x1), archmagi
@: studying 4 skills
A: fangs 1, strong nose, distributed training, horns 1, talons 1, see invisible,
deformed body, evolution 2
0: Orb of Zot
}: 5/15 runes: decaying, slimy, silver, abyssal, gossamer
a: Renounce Religion


You escaped.
You worshipped Vehumet.
Vehumet was exalted by your worship.
You visited 13 branches of the dungeon, and saw 57 of its levels.
You visited the Abyss 2 times.
You also visited: Wizlab.

You collected 10274 gold pieces.
You spent 3038 gold pieces at shops.

Inventory:

Hand Weapons
 V - the +8 demon trident "Rift" (weapon) {distort, reach+}
   (You found it on level 5 of the Pits of Slime)
Missiles
 k - 6 throwing nets
 y - 8 curare-tipped darts
Armour
 q - the +1 pair of gloves of Youthful Indiscretion (worn) {Dex+2}
   (You found it on level 2 of the Dungeon)

   Dex+2:     It affects your dexterity (+2).
 v - the +4 dragonskin cloak (worn)
   (You took it off Tiamat on level 5 of the Realm of Zot)

   Avatar's Aegis: It grants the wearer a chance to resist fire, cold, poison,
   electricity, acid, and negative energy.
 z - a +2 tower shield
 A - a +0 kite shield of reflection (worn)
 G - the +4 faerie dragon scales {rC+ rCorr Str+4 Stlth+}
   (You took it off the Enchantress on level 2 of the Depths)

   Str+4:     It affects your strength (+4).
   rC+:       It protects you from cold.
   rCorr:     It protects you from acid and corrosion.
   Stlth+:    It makes you more stealthy.
 L - +7 gold dragon scales (worn)
 P - the +3 pair of mountain boots (worn) {steadfast, rC+}
   (You found it in a wizard's laboratory)

   Steadfast: It prevents involuntary movement, except for blinking,
   teleportation, or banishment.
   rC+:       It protects you from cold.
Jewellery
 i - the amulet of the Four Winds {rN+ Will+++ Clar}
   (You found it on level 4 of the Realm of Zot)

   [amulet of nothing]

   rN+:       It protects you from negative energy.
   Will+++:   It greatly increases your willpower.
   Clar:      It protects you from confusion, rage, mesmerisation and fear.
 l - the amulet of Zofuops (around neck) {RegenMP Harm rPois Str+9 Dex-3}
   (You took it off a fire giant on level 3 of the Depths)

   [amulet of magic regeneration]

   RegenMP:   It increases your rate of magic regeneration.
   Str+9:     It affects your strength (+9).
   Dex-3:     It affects your dexterity (-3).
   rPois:     It protects you from poison Harm: It increases damage dealt and
   taken.
 B - a ring of protection from fire
 H - the ring "Jeorghef" {Ice +Blink rN+ Will- Int+9}
   (You took it off Josephina on level 2 of the Depths)

   [ring of ice]

   Ice:       It enhances your ice magic.
   Int+9:     It affects your intelligence (+9).
   rF-:       It makes you vulnerable to fire.
   rC+:       It protects you from cold.
   rN+:       It protects you from negative energy.
   Will-:     It decreases your willpower.
   +Blink:    It lets you blink.
 J - an amulet of reflection
 M - the ring "Nuxis" {Wiz rN+ Int+3 Dex-3 Slay+2}
   (You found it on level 3 of the Crypt)

   [ring of wizardry]

   Wiz:       It improves your spell success rate.
   Int+3:     It affects your intelligence (+3).
   Dex-3:     It affects your dexterity (-3).
   Slay+2:    It affects your accuracy & damage with ranged weapons and melee
   (+2).
   rN+:       It protects you from negative energy.
 T - the ring "Taiqofozxo" (right hand) {rElec rC+ Str+6 SInv}
   (You found it on level 5 of the Vaults)

   [ring of strength]

   Str+6:     It affects your strength (+6).
   rC+:       It protects you from cold.
   rElec:     It insulates you from electricity.
   SInv:      It lets you see invisible.
 U - the ring of the Mage (left hand) {Wiz Archmagi}
   (You took it off an ironbound thunderhulk on level 2 of the Vaults)

   [ring of wizardry]

   Wiz:       It improves your spell success rate.
   Archmagi:  It increases the power of your magical spells.
Talismans
 n - a talisman of death
 x - a granite talisman
Wands
 C - a wand of polymorph (44)
 D - a wand of iceblast (88)
 F - a wand of digging (17)
 N - a wand of paralysis (43)
 W - a wand of quicksilver (26)
Scrolls
 a - 3 scrolls of blinking
 d - 3 scrolls of summoning
 e - 4 scrolls of silence
 f - 7 scrolls of fear
 m - 6 scrolls of revelation
 o - 16 scrolls of teleportation
 w - 4 scrolls of amnesia
 I - 3 scrolls of torment
 K - 5 scrolls of poison
 Q - 13 scrolls of enchant armour
 Z - 9 scrolls of fog
Potions
 b - 7 potions of magic
 c - 5 potions of invisibility
 h - 4 potions of haste
 r - 9 potions of mutation
 t - 8 potions of cancellation
 u - 21 potions of curing
 R - 8 potions of brilliance
 S - 7 potions of heal wounds
 X - 16 potions of ambrosia
 Y - 6 potions of resistance
Miscellaneous
 g - a sack of spiders
 j - a phantom mirror
 p - the horn of Geryon
 s - a lightning rod (4/4)
 E - a phial of floods
 O - a tin of tremorstones (2/2)


   Skills:
 + Level 20.9 Fighting
 + Level 20.9 Short Blades
 + Level 20.9 Long Blades
 + Level 20.9 Axes
 + Level 20.9 Maces & Flails
 + Level 20.9 Polearms
 + Level 20.9 Staves
 + Level 20.9 Ranged Weapons
 + Level 20.9 Throwing
 + Level 20.9 Armour
 + Level 21.3 Dodging
 + Level 21.2 Stealth
 + Level 20.9 Shields
 + Level 20.9 Unarmed Combat
 + Level 24.5 Spellcasting
 + Level 18.0 Conjurations
 + Level 17.8 Hexes
 + Level 20.9 Summonings
 + Level 17.8 Necromancy
 + Level 17.8 Translocations
 + Level 17.8 Fire Magic
 + Level 17.8 Ice Magic
 + Level 21.2 Air Magic
 + Level 17.8 Earth Magic
 + Level 17.8 Alchemy
 + Level 22.5 Invocations
 + Level 20.9 Evocations
 + Level 22.0 Shapeshifting


You had 7 spell levels left.
You knew the following spells:

 Your Spells              Type           Power      Damage    Failure   Level
a - Shock                 Conj/Air       100%       1d9       0%          1
b - Swiftness             Air            100%       N/A       0%          3
c - Mephitic Cloud        Conj/Alch/Air  100%       N/A       0%          3
d - Airstrike             Air            58%        2d(9-25)  0%          4
e - Freezing Cloud        Conj/Ice/Air   56%        6-21      1%          5
f - Plasma Beam           Fire/Air       56%        2x1d72    1%          6
g - Sticky Flame          Fire/Alch      100%       2d15      1%          4
h - Summon Horrible Thin  Summ           58%        N/A       9%          8
i - Yara's Violent Unrav  Hex/Alch       55%        3d21      1%          5
j - Borgnjor's Vile Clut  Necr/Erth      55%        N/A       1%          5
k - Blink                 Tloc           100%       N/A       0%          2
l - Irradiate             Conj/Alch      55%        3d30      1%          5
m - Maxwell's Capacitive  Air            58%        ∞         2%          8
n - Chain Lightning       Conj/Air       57%        3d76      45%         9

Your spell library contained the following spells:

 Spells                   Type           Power      Damage    Failure   Level
 Shatter                  Erth           55%        3d41*     65%         9
 Foxfire                  Conj/Fire      100%       2x1d9     0%          1
 Freeze                   Ice            100%       1d10      0%          1
 Magic Dart               Conj           100%       1d8       0%          1
 Necrotise                Necr           100%       1d9       0%          1
 Sandblast                Erth           100%       2d20      0%          1
 Slow                     Hex            100%       N/A       0%          1
 Sting                    Conj/Alch      100%       1d9       0%          1
 Summon Small Mammal      Summ           100%       N/A       0%          1
 Call Imp                 Summ           100%       N/A       0%          2
 Cigotuvi's Dreadful Rot  Necr/Alch/Air  100%       N/A       0%          2
 Ensorcelled Hibernation  Hex/Ice        100%       N/A       0%          2
 Jinxbite                 Hex            100%       N/A       0%          2
 Lesser Beckoning         Tloc           100%       N/A       0%          2
 Mercury Vapours          Alch/Air       100%       N/A       0%          2
 Momentum Strike          Conj/Tloc      100%       3d10      0%          2
 Scorch                   Fire           100%       2d9       0%          2
 Searing Ray              Conj           100%       2d8       0%          2
 Static Discharge         Conj/Air       100%       3-8/arc   0%          2
 Call Canine Familiar     Summ           100%       N/A       0%          3
 Dazzling Flash           Conj/Hex       100%       N/A       0%          3
 Hailstorm                Conj/Ice       100%       3d16      0%          3
 Stone Arrow              Conj/Erth      100%       3d13      0%          3
 Summon Ice Beast         Ice/Summ       100%       N/A       0%          3
 Confusing Touch          Hex            100%       N/A       1%          3
 Frozen Ramparts          Ice            100%       1d16      1%          3
 Fugue of the Fallen      Necr           100%       N/A       1%          3
 Gell's Gravitas          Tloc           100%       N/A       1%          3
 Inner Flame              Hex/Fire       100%       N/A       1%          3
 Ozocubu's Armour         Ice            100%       N/A       1%          3
 Passwall                 Erth           100%       N/A       1%          3
 Sigil of Binding         Hex            100%       N/A       1%          3
 Teleport Other           Tloc           100%       N/A       1%          3
 Tukima's Dance           Hex            100%       N/A       1%          3
 Vampiric Draining        Necr           100%       2d13      1%          3
 Anguish                  Hex/Necr       55%        N/A       1%          4
 Animate Armour           Summ/Erth      100%       N/A       1%          4
 Brom's Barrelling Bould  Conj/Erth      100%       2d11      1%          4
 Dimensional Bullseye     Hex/Tloc       55%        N/A       1%          4
 Dispel Undead            Necr           100%       3d31      1%          4
 Flame Wave               Conj/Fire      100%       2d21      1%          4
 Fulminant Prism          Conj/Alch      55%        3d24      1%          4
 Ignite Poison            Fire/Alch      100%       N/A       1%          4
 Iskenderun's Mystic Bla  Conj/Tloc      100%       2d19      1%          4
 Leda's Liquefaction      Alch/Erth      55%        N/A       1%          4
 Manifold Assault         Tloc           100%       N/A       1%          4
 Martyr's Knell           Necr/Summ      100%       N/A       1%          4
 Olgreb's Toxic Radiance  Alch           100%       N/A       1%          4
 Passage of Golubria      Tloc           100%       N/A       1%          4
 Petrify                  Alch/Erth      100%       N/A       1%          4
 Summon Blazeheart Golem  Fire/Summ      100%       N/A       1%          4
 Summon Lightning Spire   Summ/Air       100%       N/A       1%          4
 Vhi's Electric Charge    Tloc/Air       100%       N/A       1%          4
 Alistair's Intoxication  Alch           73%        N/A       1%          5
 Arcjolt                  Conj/Air       57%        1d67      1%          5
 Curse of Agony           Necr           100%       N/A       1%          5
 Fireball                 Conj/Fire      55%        3d21      1%          5
 Iskenderun's Battlesphe  Conj           100%       2d15      1%          5
 Metabolic Englaciation   Hex/Ice        55%        N/A       1%          5
 Silence                  Hex/Air        56%        N/A       1%          5
 Summon Forest            Summ/Tloc      56%        N/A       1%          5
 Summon Mana Viper        Hex/Summ       100%       N/A       1%          5
 Bombard                  Conj/Erth      55%        9d9       1%          6
 Death Channel            Necr           55%        N/A       1%          6
 Dispersal                Tloc           55%        N/A       1%          6
 Eringya's Noxious Bog    Alch           55%        4d6       1%          6
 Sculpt Simulacrum        Ice/Alch       55%        N/A       1%          6
 Starburst                Conj/Fire      55%        6d15      1%          6
 Summon Cactus Giant      Summ           58%        N/A       1%          6
 Orb of Destruction       Conj           55%        9d14      1%          7
 Ozocubu's Refrigeration  Ice            55%        4d19      1%          7
 Spellforged Servitor     Conj/Summ      56%        N/A       1%          7
 Summon Hydra             Summ           58%        N/A       1%          7
 Haunt                    Necr/Summ      56%        N/A       2%          7
 Malign Gateway           Summ/Tloc      56%        N/A       2%          7
 Enfeeble                 Hex            55%        N/A       4%          7
 Ignition                 Fire           55%        3d15      8%          8
 Lehudib's Crystal Spear  Conj/Erth      55%        10d13     8%          8
 Borgnjor's Revivificati  Necr           55%        N/A       30%         8
 Discord                  Hex            55%        N/A       30%         8
 Polar Vortex             Ice            55%        12d7*     65%         9
 Dragon's Call            Summ           58%        N/A       77%         9
 Death's Door             Necr           55%        N/A       99%         9


Dungeon Overview and Level Annotations

Branches:
Dungeon (15/15)            Temple (1/1) D:6            Lair (5/5) D:11
  Swamp (4/4) Lair:3       Spider (4/4) Lair:2        Slime (5/5) Lair:5
    Orc (2/2) D:11            Elf (3/3) Orc:2        Vaults (5/5) D:14
  Crypt (3/3) Vaults:2       Tomb (0/3) Crypt:3      Depths (4/4) D:15
   Hell (visited)             Dis (0/7) Hell            Geh (0/7) Hell
    Coc (0/7) Hell            Tar (0/7) Hell            Zot (5/5) Depths:4
 WizLab (visited)

Altars:
Ashenzari
Cheibriados
Dithmenos
Elyvilon
Fedhas
Gozag
Hepliaklqana
Kikubaaqudgha
Makhleb
Nemelex Xobeh
Okawaru
Qazlal
Ru
Sif Muna
Trog
Uskayaw
Vehumet
Wu Jian
Xom
Yredelemnul
Zin
The Shining One
Jiyva

Shops:
D:7 :   D:9 *   D:11 :   D:12 (!   Orc:2 **[:[   Elf:1 ?   Elf:3 (   Vaults:2 :
Vaults:5 :   Depths:4 [([?[

Portals:
Hell: Lair:5 Depths:1 Depths:2 Depths:3 Depths:4
Abyss: Depths:1 Depths:3
Pandemonium: Depths:1 Depths:2 Depths:4
Ziggurat: Depths:4

Annotations:
Abyss:1 Jiorhin's ghost, legendary TrBe


Innate Abilities, Weirdness & Mutations

You have very sharp teeth.
Your uncanny sense of smell can sniff out nearby items.
Your experience applies equally to all skills.
You have a pair of small horns on your head.
You have sharp toenails.
You have supernaturally acute eyesight. (SInv)
Armour fits poorly on your strangely shaped body.
You have great hidden genetic potential.


Message History

The orc shouts!
Reach: V) +8 demon trident "Rift" {distort, reach+}
Press: ? - help, Dir - move target, f - orc
Aim: an orc, wielding a +0 dagger and wearing a +0 ring mail (about 20% to evade the +8 demon trident "Rift")
You impale the orc!!
You kill the orc!
Vehumet accepts your kill.
Things that are here:
a +0 dagger; a +0 ring mail; an orc corpse
There is a stone staircase leading up here.
You climb upwards.
There is a stone staircase leading down here.
Things that are here:
4 stones; a +0 club
There is an escape hatch in the ceiling here.
A mysterious force pulls you upwards. The hatch slams shut behind you.
You see here a +0 club.
There is an open door here.
There is a stone staircase leading up here.
You climb upwards.
There is a stone staircase leading down here.
There is a stone staircase leading down here.
You see here 4 stones.
A soul eater comes into view.
You hit the soul eater.
The soul eater is lightly wounded.
The soul eater blinks!
Reach: V) +8 demon trident "Rift" {distort, reach+}
Press: ? - help, Dir - move target, f - soul eater
Aim: a soul eater (lightly wounded, about 22% to evade the +8 demon trident "Rift")
You puncture the soul eater!
The soul eater is devoured by a tear in reality.
Unknown command.
There is an open door here.
An orange demon comes into view.
The orange demon screeches!
You block the orange demon's attack.
There is a staircase leading out of the dungeon here.
The orange demon stings you but does no damage.
You have escaped!

#.##...÷............# ####### #.
.##≈≈....##.####..###### #.
[.#≈≈...##.............# #.
###≈≈≈.....#####'#####.# ##
≈≈≈≈≈≈..##.#PPP#.#PPP#.#
≈≈≈≈≈≈.###.#P⌠P#.#P⌠P#.#
≈≈≈≈≈≈.....#PPP#.#PPP#.# #######
#≈≈≈≈≈.##..#####.#####.####......
##≈≈≈......+..4.@....+....†)#####
.##≈≈..##..#####.#####.######
#)##..###..#PPP#.#PPP#.#
##...####..#P⌠P#.#P⌠P#.#
≈..........#PPP#.#PPP#.#
.....#.###.#####+#####.#
######.###.............#
.###.....#.##.....######
#.##.....#.#####..#


You could see an orange demon.

Vanquished Creatures
  the Royal Jelly (Slime:5)
  The ghost of Nuogoul the Conqueror, a master OnMo of Gozag (Zot:3)
  Tiamat (Zot:5)
  4 dread liches
  3 orbs of fire (Zot:5)
  Mennas (Depths:4)
  A juggernaut (Depths:2)
  2 ancient liches
  The ghost of Beuseq the Gnoll Aeon, a master GnFi of Cheibriados (Zot:4)
  Sojobo (Crypt:2)
  Boris (twice) (Vaults:4 Depths:2)
  Josephina (Depths:2)
  7 Killer Klowns
  the Lernaean hydra (Swamp:4)
  Bai Suzhen (Swamp:4)
  Geryon (Hell)
  Margery (Crypt:2)
  Parghit (Zot:2)
  4 caustic shrikes (Depths:4)
  5 golden dragons
  Jory (Vaults:5)
  the Enchantress (Depths:2)
  A profane servitor (Abyss:3)
  Norris (Vaults:4)
  A Brimstone Fiend (D:15)
  9 bone dragons
  2 electric golems
  11 tentacled monstrosities
  26 Orb Guardians
  Zenata (Crypt:2)
  A walking crystal tome (WizLab)
  A hellephant (Crypt:2)
  7 liches
  2 walking earthen tomes (Depths:2)
  4 titans
  19 acid blobs
  A sphinx (Vaults:4)
  2 deep elf master archers (Elf:3)
  3 deep elf blademasters
  An eldritch tentacle (Vaults:1)
  9 quicksilver dragons
  11 tentacled starspawn
  9 death cobs
  2 ancient champions
  Gastronok (D:9)
  14 shadow dragons
  Donald (Elf:1)
  4 thorn hunters
  13 storm dragons
  16 tengu reavers
  9 rockslimes
  2 strange machines (WizLab)
  10 azure jellies
  3 draconian knights
  3 protean progenitors
  A daeva (Abyss:3)
  A revenant (Crypt:2)
  2 fenstrider witches
  An iron dragon (Depths:4)
  18 vault wardens
  10 frost giants
  5 emperor scorpions
  9 draconian monks
  4 draconian shifters
  4 fire giants
  7 deep elf sorcerers
  A balrug (Hell)
  6 deep elf elementalists
  A curse skull (Crypt:1)
  3 caustic shrike zombies
  6 draconian scorchers
  7 reapers (Hell)
  Louise (Swamp:2)
  6 ghost moths
  6 draconian stormcallers
  6 cacodemons
  A demonspawn corrupter (D:15)
  4 orc warlords
  3 broodmothers
  11 ghouls
  21 stone giants
  25 ironbound preservers
  7 draconian annihilators
  6 quicksilver oozes
  16 very ugly things
  5 spriggan defenders
  3 formless jellyfish
  A juggernaut skeleton (Vaults:1)
  20 vampire knights
  12 deep elf death magi
  14 deep elf demonologists
  A rockslime zombie (Crypt:3)
  8 ironbound thunderhulks
  An eleionoma (Swamp:1)
  Nessos (D:13)
  2 bunyips
  13 red draconians
  20 starcursed masses
  9 deep elf annihilators
  9 green draconians
  The ghost of hawla the Tortoise, a journeyman MiFi of Makhleb (D:14)
  2 war gargoyles
  7 black draconians
  A wendigo (Depths:4)
  13 dire elephants
  7 purple draconians
  10 white draconians
  14 spark wasps
  15 ettins
  Snorg (D:12)
  3 yellow draconians
  An iron golem (Depths:4)
  A blizzard demon (Abyss:3)
  A mummy priest (Crypt:1)
  4 fire dragons
  3 eidola
  A green death (Abyss:3)
  15 jiangshi
  3 shambling mangroves
  12 yaktaur captains
  8 entropy weavers
  3 spriggan zombies
  4 deep elf high priests
  11 rakshasas
  A quicksilver dragon skeleton (Hell)
  10 great orbs of eyes
  5 ice dragons
  An elf skeleton (Hell)
  Erolcha (D:13)
  43 vault guards
  A peacekeeper (Vaults:1)
  A sphinx zombie (D:15)
  A fenstrider witch zombie (Crypt:3)
  A radroach (Spider:2)
  16 centaur warriors
  25 hydras
  3 ogre magi
  5 spriggan air magi
  7 ironbound frosthearts
  A juggernaut simulacrum (Vaults:1)
  A hell beast (Depths:4)
  4 ghost crabs
  A catoblepas (Lair:5)
  2 jorogumos
  8 alligators
  A spriggan skeleton (Hell)
  7 boulder beetles
  2 two-headed ogres (Orc:2)
  4 death knights
  53 dancing weapons
  7 tengu warriors
  2 titan zombies
  7 deep troll earth magi
  4 deep troll shamans
  Urug (D:13)
  14 thrashing horrors
  10 hell hogs
  4 death yaks
  14 vampire magi
  5 orc high priests
  8 spriggan berserkers
  14 demonic crawlers
  An occultist (Depths:3)
  2 sphinx skeletons
  11 sun demons
  4 storm dragon zombies
  A titan skeleton (Vaults:1)
  6 soul eaters
  26 hell knights
  13 deep elf knights
  6 iron trolls
  15 skeletal warriors
  11 wretched stars
  4 shadow wraiths
  8 pharaoh ants
  A golden dragon zombie (Crypt:3)
  3 spatial maelstroms
  6 sixfirhies
  13 swamp dragons
  A shining eye (shapeshifter) (Vaults:5)
  A storm dragon skeleton (Abyss:2)
  73 deep trolls
  Amaemon (Lair:3)
  A deep troll (shapeshifter) (Depths:4)
  11 orb spiders
  2 anaconda zombies
  3 spriggan druids
  8 flayed ghosts
  5 goliath frogs
  7 arcanists
  A sea snake (shapeshifter) (Vaults:5)
  7 skysharks
  5 shadow demons
  A shadow dragon zombie (Crypt:1)
  A tengu zombie (Vaults:3)
  5 bog bodies
  7 glowing orange brains
  15 ironbound convokers
  An obsidian statue (Zot:4)
  4 steelbarb worms
  A mana viper (shapeshifter) (Depths:2)
  An iron giant zombie (Crypt:3)
  2 spriggan simulacra
  5 harpies (Vaults:2)
  14 orc knights
  A golden dragon skeleton (Vaults:1)
  A bunyip skeleton (Crypt:1)
  7 deep elf archers
  A harpy (shapeshifter) (D:13)
  25 deep elf zephyrmancers
  23 ugly things
  13 lindwurms
  27 phantasmal warriors
  27 deep elf pyromancers
  15 necromancers
  22 wolf spiders
  A cyclops (Orc:2)
  An oklob plant (D:13)
  Maurice (D:10)
  2 shining eyes (Slime:4)
  4 manticores
  6 orc sorcerers (Orc:2)
  9 will-o-the-wisps
  8 worldbinders
  2 centaur zombies (Crypt:3)
  A faun (shapeshifter) (Depths:2)
  5 apocalypse crabs
  A frost giant zombie (Crypt:2)
  35 moths of wrath
  15 vault sentinels
  6 meliai
  99 slime creatures
  A meliai (shapeshifter) (Orc:2)
  Joseph (D:7)
  An eye of devastation (shapeshifter) (Vaults:4)
  2 elephants (Lair:2)
  An elephant (shapeshifter) (Vaults:5)
  A black mamba (shapeshifter) (D:13)
  8 black mambas
  2 water nymphs (Abyss:4)
  11 smoke demons
  An eye of devastation (Slime:5)
  2 stone giant skeletons
  2 ice statues (Vaults:1)
  2 naga magi (Vaults:1)
  5 rust devils
  8 orange demons
  21 large abominations
  2 torpor snails
  3 storm dragon simulacra
  A mana viper zombie (Crypt:1)
  11 cane toads
  2 gargoyles
  8 freezing wraiths
  A yellow draconian zombie (Crypt:3)
  17 komodo dragons
  2 kobold demonologists (Crypt:1)
  An iron troll zombie (Crypt:1)
  8 yaktaurs
  2 hellions
  2 unseen horrors
  An anaconda simulacrum (Hell)
  8 rime drakes
  A bunyip simulacrum (Vaults:1)
  2 efreet
  2 tormentors
  A silent spectre (Abyss:2)
  An ice devil (Lair:5)
  A komodo dragon (shapeshifter) (D:13)
  5 trolls
  4 tengu conjurers
  A queen bee (shapeshifter) (D:14)
  A catoblepas skeleton (Hell)
  3 polar bears
  11 ancient zymes
  A death yak skeleton (Crypt:3)
  3 red devils
  25 hornets
  A queen bee (Spider:3)
  2 pale draconian skeletons (Crypt:2)
  2 bloated husks
  2 golden dragon simulacra (Vaults:1)
  A glass eye (Depths:3)
  5 harpy zombies
  5 hellwings (Abyss:3)
  Prince Ribbit (D:6)
  11 tyrant leeches
  8 saltlings (Orc:2)
  A tarantella (shapeshifter) (D:12)
  23 tarantellas
  4 ettin zombies
  Grinder (D:5)
  A guardian serpent zombie (Crypt:3)
  A harpy skeleton (Hell)
  2 stone giant simulacra
  15 raiju
  A frost giant simulacrum (Depths:2)
  A fire giant simulacrum (Depths:2)
  26 blink frogs
  A dream sheep (Lair:2)
  2 glass eyes (shapeshifter)
  4 air elementals
  Sigmund (D:6)
  16 spriggans
  2 shadows
  8 small abominations
  A centaur simulacrum (Abyss:3)
  5 wyverns
  A spriggan (shapeshifter) (Vaults:5)
  A fire dragon skeleton (Crypt:2)
  34 culicivoras
  8 water elementals
  38 jumping spiders
  21 vampires
  A dire elephant simulacrum (Hell)
  4 ynoxinuls
  A black mamba skeleton (Crypt:3)
  8 wraiths
  3 fire elementals
  44 yaks
  2 basilisks
  2 steam dragons
  2 wargs (Orc:2)
  17 golden eyes
  A redback simulacrum (D:14)
  6 chaos spawn
  66 redbacks
  2 vampire mosquitoes
  4 neqoxecs
  Menkaure (D:7)
  3 harpy simulacra (Hell)
  A glowing shapeshifter zombie (Vaults:3)
  3 acid dragons
  A deep troll zombie (Crypt:2)
  23 water moccasins
  Edmund (D:5)
  21 swamp worms
  3 spatial vortices
  2 hydra simulacra (Vaults:1)
  8 swamp drakes
  14 hell hounds
  21 orc warriors
  3 ice beasts
  A fire dragon simulacrum (Vaults:1)
  15 laughing skulls
  A dream sheep zombie (Crypt:1)
  3 black bears
  A sky beast (D:6)
  2 elf simulacra (Vaults:3)
  11 boggarts
  21 wolves
  6 ogres
  A swamp dragon skeleton (Crypt:1)
  2 phantoms
  6 centaurs
  A kobold brigand (D:7)
  A rime drake zombie (Crypt:1)
  2 weeping skulls (Abyss:3)
  A yaktaur zombie (Crypt:1)
  Blork the orc (D:4)
  An elf zombie (Elf:3)
  4 brain worms (Abyss:3)
  20 bullfrogs
  2 necrophages
  A deep troll simulacrum (Vaults:1)
  2 gnoll sergeants
  An earth elemental (Elf:3)
  A glowing shapeshifter simulacrum (Depths:2)
  3 scorpions
  A wyvern skeleton (Crypt:2)
  A water moccasin zombie (Crypt:1)
  8 wights
  A snapping turtle simulacrum (Vaults:1)
  A yak zombie (Crypt:2)
  20 killer bees
  An oklob sapling (D:13)
  2 howler monkeys
  8 electric eels
  2 hounds (D:6)
  2 quasits
  12 orc priests
  An iron imp (Abyss:3)
  A jelly (D:7)
  A centaur skeleton (Crypt:1)
  Ijyb (D:4)
  A sleepcap (D:6)
  3 iguanas
  19 orc wizards
  12 hell rats
  3 naga skeletons
  A tengu skeleton (Crypt:3)
  2 river rats (D:11)
  13 adders
  10 gnolls
  3 shadow imps
  4 white imps
  10 ufetubi
  An iguana zombie (Crypt:2)
  An adder skeleton (Crypt:3)
  An iguana skeleton (Crypt:2)
  3 dart slugs
  7 ribbon worms
  65 orcs
  6 bats (D:1)
  8 endoplasms
  2 giant cockroaches
  7 goblins
  6 hobgoblins
  6 jackals
  13 kobolds
  7 quokkas
  12 ball pythons
  4 frilled lizards
  A hobgoblin skeleton (Crypt:3)
  12 rats
  A rat zombie (Crypt:2)
  6 aspiring fleshes
  A creeping inferno (Depths:4)
  3 fire vortices (Depths:4)
  3 fulminant prisms
  4 lurking horrors
  A spectral weapon (Zot:5)
  5 starspawn tentacles
2834 creatures vanquished.

Vanquished Creatures (collateral kills)
  An Executioner (Zot:2)
  A ghoul (Swamp:4)
  A purple draconian (Zot:5)
  A rakshasa (WizLab)
  Harold (D:9)
  A large abomination (Zot:2)
  A moth of wrath (Zot:5)
  A hornet (Spider:4)
  A wyvern (D:9)
  3 yaks (D:9)
  A killer bee (D:9)
  3 howler monkeys (D:9)
16 creatures vanquished.

Vanquished Creatures (others)
  An electric golem (Zot:5)
  A draconian scorcher (Zot:4)
  A sun demon (Depths:4)
  A deep elf pyromancer (Orc:2)
  A large abomination (Abyss:4)
  A hellion (Hell)
  2 bloated husks
  A tyrant leech (Swamp:2)
  A jumping spider (Spider:1)
  A golden eye (Slime:5)
  A weeping skull (Abyss:3)
  An elf zombie (Elf:3)
  11 foxfires (Swamp:4)
  40 fulminant prisms
  A lurking horror (Abyss:4)
  19 starspawn tentacles
84 creatures vanquished.

Grand Total: 2934 creatures vanquished

Notes
Turn   | Place    | Note
-------+----------+-------------------------------------------
     0 | D:1      | monsoonserge the Gnoll Air Elementalist began the quest for
                  | the Orb.
     0 | D:1      | Reached XP level 1. HP: 13/13 MP: 6/6
    79 | D:1      | Reached XP level 2. HP: 19/19 MP: 2/7
   529 | D:1      | Reached skill level 5 in Spellcasting
   529 | D:1      | Reached XP level 3. HP: 25/25 MP: 6/9
   535 | D:1      | Learned a level 3 spell: Swiftness
   751 | D:1      | Reached skill level 1 in Invocations
  1161 | D:2      | Identified the +1 pair of gloves of Youthful Indiscretion
                  | {Dex+2}
  1334 | D:2      | Reached skill level 1 in Fighting
  1334 | D:2      | Reached skill level 1 in Short Blades
  1334 | D:2      | Reached skill level 1 in Long Blades
  1334 | D:2      | Reached skill level 1 in Axes
  1334 | D:2      | Reached skill level 1 in Maces & Flails
  1334 | D:2      | Reached skill level 1 in Polearms
  1334 | D:2      | Reached skill level 1 in Staves
  1334 | D:2      | Reached skill level 1 in Ranged Weapons
  1334 | D:2      | Reached skill level 1 in Throwing
  1334 | D:2      | Reached skill level 1 in Armour
  1334 | D:2      | Reached skill level 1 in Shields
  1334 | D:2      | Reached skill level 1 in Unarmed Combat
  1334 | D:2      | Reached skill level 1 in Evocations
  1548 | D:2      | Found a faded altar of an unknown god.
  1600 | D:2      | Reached skill level 1 in Shapeshifting
  1600 | D:2      | Reached XP level 4. HP: 32/32 MP: 9/11
  1945 | D:2      | Reached skill level 1 in Hexes
  1945 | D:2      | Reached skill level 1 in Summonings
  1945 | D:2      | Reached skill level 1 in Necromancy
  1945 | D:2      | Reached skill level 1 in Translocations
  1945 | D:2      | Reached skill level 1 in Fire Magic
  1945 | D:2      | Reached skill level 1 in Ice Magic
  1945 | D:2      | Reached skill level 1 in Earth Magic
  1945 | D:2      | Reached skill level 1 in Alchemy
  2463 | D:3      | Reached XP level 5. HP: 37/37 MP: 6/12
  2574 | D:3      | Found a sacrificial altar of Ru.
  2576 | D:3      | Found a hazy altar of Hepliaklqana.
  3753 | D:4      | Noticed Ijyb
  3761 | D:4      | Killed Ijyb
  3762 | D:4      | Reached XP level 6. HP: 29/44 MP: 5/14
  3889 | D:4      | Reached skill level 5 in Dodging
  4102 | D:4      | Noticed Blork the orc
  4105 | D:4      | Killed Blork the orc
  4212 | D:5      | Entered Level 5 of the Dungeon
  4295 | D:5      | Reached XP level 7. HP: 50/50 MP: 8/15
  4350 | D:5      | Noticed Edmund
  4370 | D:5      | Killed Edmund
  4420 | D:5      | Reached skill level 5 in Stealth
  4868 | D:5      | Noticed Grinder
  4923 | D:5      | Killed Grinder
  4924 | D:5      | Reached skill level 6 in Spellcasting
  4924 | D:5      | Reached XP level 8. HP: 45/58 MP: 6/17
  5722 | D:6      | Found a sparkling altar of Nemelex Xobeh.
  5933 | D:6      | Noticed Sigmund
  6238 | D:6      | Reached XP level 9. HP: 59/65 MP: 6/18
  6492 | D:6      | Noticed Prince Ribbit
  6509 | D:6      | Killed Prince Ribbit
  6940 | D:6      | Killed Sigmund
  7311 | D:6      | Found a staircase to the Ecumenical Temple.
  7318 | Temple   | Entered the Ecumenical Temple
  7343 | Temple   | Became a worshipper of Vehumet
  7431 | D:6      | Reached skill level 5 in Invocations
  7598 | D:7      | Noticed Menkaure
  7709 | D:7      | Killed Menkaure
  7979 | D:7      | Noticed Joseph
  8077 | D:7      | Killed Joseph
  8078 | D:7      | Reached skill level 7 in Spellcasting
  8276 | D:7      | Found Becsiur's Self-Improvement Boutique.
  8295 | D:7      | Reached skill level 5 in Fighting
  8295 | D:7      | Reached skill level 5 in Short Blades
  8295 | D:7      | Reached skill level 5 in Long Blades
  8295 | D:7      | Reached skill level 5 in Axes
  8295 | D:7      | Reached skill level 5 in Maces & Flails
  8295 | D:7      | Reached skill level 5 in Polearms
  8295 | D:7      | Reached skill level 5 in Staves
  8295 | D:7      | Reached skill level 5 in Ranged Weapons
  8295 | D:7      | Reached skill level 5 in Throwing
  8295 | D:7      | Reached skill level 5 in Armour
  8295 | D:7      | Reached skill level 5 in Shields
  8295 | D:7      | Reached skill level 5 in Unarmed Combat
  8295 | D:7      | Reached skill level 5 in Evocations
  8295 | D:7      | Reached XP level 10. HP: 74/74 MP: 10/20
  9295 | D:8      | Reached * piety under Vehumet
  9295 | D:8      | Offered knowledge of Sandblast by Vehumet.
  9831 | D:8      | Reached skill level 5 in Conjurations
 10014 | D:9      | Noticed Harold
 10031 | D:9      | HP: 1/74 [howler monkey (6)]
 10033 | D:9      | Killed Harold
 10034 | D:9      | Reached skill level 5 in Shapeshifting
 10057 | D:9      | HP: 2/76 [yak (12)]
 10325 | D:9      | Learned a level 3 spell: Mephitic Cloud
 10482 | D:9      | Noticed Gastronok
 10509 | D:9      | Killed Gastronok
 10510 | D:9      | Reached skill level 8 in Spellcasting
 10510 | D:9      | Reached skill level 5 in Hexes
 10510 | D:9      | Reached skill level 5 in Summonings
 10510 | D:9      | Reached skill level 5 in Necromancy
 10510 | D:9      | Reached skill level 5 in Translocations
 10510 | D:9      | Reached skill level 5 in Fire Magic
 10510 | D:9      | Reached skill level 5 in Ice Magic
 10510 | D:9      | Reached skill level 5 in Earth Magic
 10510 | D:9      | Reached skill level 5 in Alchemy
 10510 | D:9      | Reached XP level 11. HP: 38/81 MP: 5/23
 11275 | D:9      | Found Fakeqer's Assorted Antiques.
 11283 | D:9      | Bought a metallic blue potion for 23 gold pieces
 11283 | D:9      | Bought 2 pink potions for 46 gold pieces
 11283 | D:9      | Bought a potion of heal wounds for 130 gold pieces
 11326 | D:10     | Entered Level 10 of the Dungeon
 11618 | D:10     | Noticed Maurice
 12110 | D:10     | Offered knowledge of Mercury Vapours by Vehumet.
 12117 | D:10     | Learned a level 4 spell: Airstrike
 12152 | D:10     | Reached ** piety under Vehumet
 12375 | D:10     | Killed Maurice
 13531 | D:11     | Found a staircase to the Lair.
 13666 | D:11     | Noticed a death yak
 13669 | D:11     | Noticed a death yak
 13676 | D:11     | Noticed a death yak
 13940 | D:11     | Found Gofy's Tremendous Tomes.
 14168 | D:11     | Found a staircase to the Orcish Mines.
 14274 | D:10     | Killed a death yak
 14428 | D:10     | Killed a death yak
 14550 | D:11     | Killed a death yak
 14551 | D:11     | Reached XP level 12. HP: 74/91 MP: 0/24
 14753 | Lair:1   | Entered Level 1 of the Lair of Beasts
 14951 | Lair:1   | Offered knowledge of Scorch by Vehumet.
 15212 | Lair:1   | Reached skill level 9 in Spellcasting
 15280 | Lair:1   | Found a hazy altar of Hepliaklqana.
 15348 | Lair:1   | Identified a scroll of acquirement
 15349 | Lair:1   | Acquired the ring "Dewul" {Fly rC+ Dex+3 Slay+2}
 15602 | Lair:1   | Reached *** piety under Vehumet
 16195 | Lair:1   | Identified the +6 chain mail of Tenacity {rF+ rCorr SInv}
 16737 | Lair:2   | Learned a level 4 spell: Iskenderun's Mystic Blast
 17028 | Lair:2   | Offered knowledge of Fulminant Prism by Vehumet.
 17247 | Lair:2   | Found a hole to the Spider Nest.
 17357 | Lair:2   | Noticed a seven-headed hydra
 17364 | Lair:2   | Killed a seven-headed hydra
 17388 | Lair:2   | Reached XP level 13. HP: 83/98 MP: 1/26
 17533 | Lair:2   | Learned a level 4 spell: Fulminant Prism
 18264 | Lair:2   | Learned a level 4 spell: Sticky Flame
 18333 | Lair:2   | Reached **** piety under Vehumet
 18471 | Lair:2   | Offered knowledge of Brom's Barrelling Boulder by Vehumet.
 18747 | Lair:2   | Reached skill level 10 in Spellcasting
 19163 | Lair:2   | Reached skill level 10 in Dodging
 19832 | Lair:3   | Found a staircase to the Swamp.
 20210 | Lair:3   | Reached ***** piety under Vehumet
 20386 | Lair:3   | Noticed Amaemon
 20396 | Lair:3   | Killed Amaemon
 20398 | Lair:3   | Reached skill level 10 in Stealth
 21385 | Lair:4   | Offered knowledge of Fireball by Vehumet.
 21392 | Lair:4   | Learned a level 5 spell: Fireball
 21725 | Lair:4   | Reached XP level 14. HP: 108/108 MP: 18/28
 21728 | Lair:4   | Reached skill level 10 in Invocations
 22517 | Lair:5   | Entered Level 5 of the Lair of Beasts
 23506 | Lair:5   | Found a viscous altar of Jiyva.
 23506 | Lair:5   | Found a staircase to the Slime Pits.
 24824 | Lair:5   | Reached skill level 11 in Spellcasting
 25468 | Lair:5   | Found a burning altar of Makhleb.
 25490 | Lair:5   | Reached skill level 10 in Air Magic
 25766 | Lair:5   | Found a gateway to Hell.
 25773 | Lair:5   | Identified the +0 robe of Cynicism {rC+}
 26069 | D:12     | Found a sacrificial altar of Ru.
 26119 | D:12     | Reached skill level 10 in Fighting
 26119 | D:12     | Reached skill level 10 in Short Blades
 26119 | D:12     | Reached skill level 10 in Long Blades
 26119 | D:12     | Reached skill level 10 in Axes
 26119 | D:12     | Reached skill level 10 in Maces & Flails
 26119 | D:12     | Reached skill level 10 in Polearms
 26119 | D:12     | Reached skill level 10 in Staves
 26119 | D:12     | Reached skill level 10 in Ranged Weapons
 26119 | D:12     | Reached skill level 10 in Throwing
 26119 | D:12     | Reached skill level 10 in Armour
 26119 | D:12     | Reached skill level 10 in Shields
 26119 | D:12     | Reached skill level 10 in Unarmed Combat
 26119 | D:12     | Reached skill level 10 in Evocations
 26125 | D:12     | Learned a level 5 spell: Yara's Violent Unravelling
 26389 | D:12     | Found Ibburch's Weapon Shop.
 26397 | D:12     | You are sucked into a shaft and drop 2 floors!
 26426 | D:13     | Noticed Nessos
 26634 | D:12     | Found Uklo's Distillery.
 26639 | D:12     | Bought a potion of brilliance for 56 gold pieces
 26639 | D:12     | Bought a potion of haste for 140 gold pieces
 26639 | D:12     | Bought a potion of cancellation for 112 gold pieces
 26785 | D:12     | Reached XP level 15. HP: 102/115 MP: 19/30
 27066 | D:12     | Noticed Snorg
 27074 | D:12     | Killed Snorg
 27379 | D:13     | Killed Nessos
 27380 | D:13     | Noticed Urug
 27396 | D:13     | Killed Urug
 27671 | D:13     | Offered knowledge of Freezing Cloud by Vehumet.
 28427 | D:13     | Learned a level 5 spell: Freezing Cloud
 28457 | D:13     | Got the Tome of Nature
 28529 | D:13     | Noticed Erolcha
 28543 | D:13     | Killed Erolcha
 29066 | D:14     | Found a runed translucent door.
 29605 | D:14     | Found a gate to the Vaults.
 29646 | D:14     | Noticed a lich
 29646 | D:14     | Noticed hawla's ghost (journeyman MiFi)
 30095 | D:14     | Found a runed translucent door.
 30296 | D:15     | Entered Level 15 of the Dungeon
 31535 | D:15     | Found a stormy altar of Qazlal.
 31579 | D:15     | Offered knowledge of Bombard by Vehumet.
 31720 | D:15     | Reached skill level 10 in Shapeshifting
 31928 | D:15     | Found a staircase to the Depths.
 32162 | D:15     | Reached skill level 12 in Spellcasting
 32265 | Orc:1    | Entered Level 1 of the Orcish Mines
 32269 | Orc:1    | You are sucked into a shaft and drop 1 floor!
 32269 | Orc:2    | Entered Level 2 of the Orcish Mines
 32274 | Orc:2    | Reached XP level 16. HP: 124/124 MP: 32/32
 32373 | Orc:2    | Found Gerghiar's Antique Armour Shop.
 32378 | Orc:2    | Found a staircase to the Elven Halls.
 33602 | Orc:2    | Found Irymm's Antique Armour Shoppe.
 33649 | Orc:2    | Bought a distressingly furry robe for 153 gold pieces
 33649 | Orc:2    | Identified the +1 robe of Dim Light {rN+ Str+3 Dex-3
                  | Stlth+} (You bought it in a shop on level 2 of the Orcish
                  | Mines)
 33788 | Orc:2    | Found Icau's General Store.
 33795 | Orc:2    | Found Roamai's General Store.
 33827 | Orc:2    | Bought a scroll of fear for 64 gold pieces
 33836 | Orc:2    | Bought a potion of ambrosia for 128 gold pieces
 33941 | Orc:2    | Found Tejis's Book Boutique.
 34237 | Swamp:1  | Entered Level 1 of the Swamp
 35162 | Swamp:1  | Noticed a thorn hunter
 35165 | Swamp:1  | Killed a thorn hunter
 35412 | Swamp:2  | Noticed a fenstrider witch
 35613 | Swamp:2  | Offered knowledge of Iskenderun's Battlesphere by Vehumet.
 35800 | Swamp:2  | Reached ****** piety under Vehumet
 36494 | Swamp:2  | Reached skill level 10 in Conjurations
 36577 | Swamp:2  | Noticed Louise
 36597 | Swamp:2  | Killed Louise
 36987 | Swamp:2  | Killed a fenstrider witch
 37391 | Swamp:3  | Reached XP level 17. HP: 133/133 MP: 33/33
 37398 | Swamp:3  | Learned a level 5 spell: Borgnjor's Vile Clutch
 37572 | Swamp:3  | Reached skill level 10 in Hexes
 37572 | Swamp:3  | Reached skill level 10 in Summonings
 37572 | Swamp:3  | Reached skill level 10 in Necromancy
 37572 | Swamp:3  | Reached skill level 10 in Translocations
 37572 | Swamp:3  | Reached skill level 10 in Fire Magic
 37572 | Swamp:3  | Reached skill level 10 in Ice Magic
 37572 | Swamp:3  | Reached skill level 10 in Earth Magic
 37572 | Swamp:3  | Reached skill level 10 in Alchemy
 38260 | Swamp:3  | Reached XP level 18. HP: 140/140 MP: 25/34
 38702 | Spider:1 | Entered Level 1 of the Spider Nest
 39423 | Spider:1 | Offered knowledge of Irradiate by Vehumet.
 39430 | Spider:1 | Reached skill level 13 in Spellcasting
 43032 | Spider:3 | Offered knowledge of Ozocubu's Refrigeration by Vehumet.
 43792 | Spider:3 | Learned a level 6 spell: Plasma Beam
 45482 | Spider:4 | Entered Level 4 of the Spider Nest
 45915 | Spider:4 | Offered knowledge of Ignition by Vehumet.
 46171 | Spider:4 | Reached XP level 19. HP: 148/148 MP: 31/36
 48034 | Swamp:4  | Entered Level 4 of the Swamp
 49014 | Swamp:4  | Offered knowledge of Shatter by Vehumet.
 49014 | Swamp:4  | Offered knowledge of Chain Lightning by Vehumet.
 49014 | Swamp:4  | Offered knowledge of Maxwell's Capacitive Coupling by
                  | Vehumet.
 49538 | Swamp:4  | Reached skill level 14 in Spellcasting
 50570 | Swamp:4  | Noticed the 27-headed Lernaean hydra
 50580 | Swamp:4  | Killed the 27-headed Lernaean hydra
 50835 | Swamp:4  | Noticed Bai Suzhen
 51013 | Swamp:4  | Killed Bai Suzhen
 51567 | Swamp:4  | Got a decaying rune of Zot
 52488 | Spider:4 | Got a gossamer rune of Zot
 52899 | Vaults:1 | Entered Level 1 of the Vaults
 53200 | Vaults:1 | Reached XP level 20. HP: 69/157 MP: 1/38
 53515 | Vaults:1 | Found a magical portal.
 53526 | WizLab   | Entered Tukima's Studio
 53912 | WizLab   | HP: 4/158 [+2 scimitar of holy wrath (14)]
 54050 | WizLab   | Identified the +7 hand cannon "Itussil" {penet, Int+2
                  | Stlth+}
 54377 | WizLab   | Found the +3 pair of mountain boots {steadfast, rC+}
 54483 | WizLab   | Noticed monsoonserge's illusion
 54521 | WizLab   | Noticed monsoonserge's illusion
 54562 | WizLab   | Identified the scarf of the Rhinotaur {repulsion, Str+2}
 54852 | Vaults:1 | Reached skill level 15 in Invocations
 56139 | Vaults:1 | Got the Monograph on the Geodesic
 57032 | Vaults:1 | Got Siuronac's Discourse on Firn
 57164 | Vaults:1 | Noticed a bone dragon
 57200 | Vaults:1 | Killed a bone dragon
 57347 | Vaults:1 | Reached skill level 15 in Spellcasting
 57556 | Vaults:1 | Got the Vellum of Diablerie
 57673 | Vaults:1 | Reached XP level 21. HP: 165/165 MP: 37/40
 58184 | Vaults:1 | Reached skill level 15 in Dodging
 58353 | Vaults:1 | Got the Encyclopedia of Accomplices
 58955 | Vaults:2 | Reached skill level 15 in Stealth
 59948 | Vaults:2 | Found Cinean's Book Shop.
 59956 | Vaults:2 | Bought a book of Minor Magic for 272 gold pieces
 59959 | Vaults:2 | Learned a level 2 spell: Blink
 60829 | Vaults:2 | Found a staircase to the Crypt.
 61256 | Crypt:1  | Entered Level 1 of the Crypt
 63071 | Vaults:3 | Reached XP level 22. HP: 166/174 MP: 20/41
 63241 | Vaults:2 | Reached skill level 15 in Fighting
 63241 | Vaults:2 | Reached skill level 15 in Short Blades
 63241 | Vaults:2 | Reached skill level 15 in Long Blades
 63241 | Vaults:2 | Reached skill level 15 in Axes
 63241 | Vaults:2 | Reached skill level 15 in Maces & Flails
 63241 | Vaults:2 | Reached skill level 15 in Polearms
 63241 | Vaults:2 | Reached skill level 15 in Staves
 63241 | Vaults:2 | Reached skill level 15 in Ranged Weapons
 63241 | Vaults:2 | Reached skill level 15 in Throwing
 63241 | Vaults:2 | Reached skill level 15 in Armour
 63241 | Vaults:2 | Reached skill level 15 in Shields
 63241 | Vaults:2 | Reached skill level 15 in Unarmed Combat
 63241 | Vaults:2 | Reached skill level 15 in Evocations
 64035 | Vaults:4 | Found the +2 cloak of the Thief {*Fog Slay-2 SInv Stlth+}
 64105 | Vaults:4 | Noticed Boris
 64109 | Vaults:4 | Killed Boris
 64580 | Vaults:4 | Learned a level 5 spell: Irradiate
 64751 | Vaults:4 | Identified the +9 quarterstaff of Mastery {freeze, *Corrode
                  | MP+9 Str+8 Dex-2}
 64880 | Vaults:4 | Noticed Norris
 64892 | Vaults:4 | Killed Norris
 65655 | Vaults:4 | Reached skill level 16 in Spellcasting
 65659 | Vaults:4 | Identified the +5 broad axe "Isiunaik" {spect, rN+ rCorr}
 66290 | Elf:1    | Entered Level 1 of the Elven Halls
 67387 | Elf:1    | Noticed Donald
 67390 | Elf:1    | Killed Donald
 68009 | Elf:1    | Found Hid Cerch's Magic Scroll Emporium.
 68012 | Elf:1    | Bought a scroll of acquirement for 624 gold pieces
 68012 | Elf:1    | Acquired the +2 helmet "Xiud" {rN+ Int+3 Stlth+}
 68027 | Elf:1    | Bought a scroll of blinking for 90 gold pieces
 68430 | Elf:2    | Identified the ring "Piggudaw" {Will+ Str+3 Slay+6}
 68874 | Elf:2    | Found a runed translucent gate.
 68874 | Elf:2    | Found a runed translucent gate.
 68877 | Elf:2    | Found a runed translucent gate.
 68931 | Elf:3    | Entered Level 3 of the Elven Halls
 69070 | Elf:3    | Found Rupiuwise's Antique Weapon Boutique.
 69333 | Elf:3    | Got the Anthology of the Damned
 69650 | Elf:3    | Got Amytatua's Anthology of Sweltering Electricity
 69672 | Elf:3    | Reached XP level 23. HP: 182/182 MP: 31/43
 69872 | Elf:3    | Identified the +4 hand axe of Tapn {drain, rPois Will+++}
 69878 | Elf:3    | Identified the +5 halberd of Dishonour {venom, rN+ Will+
                  | Dex-5}
 69889 | Elf:3    | Identified the +7 whip "Rimnudd" {drain, Stlth+}
 70452 | Elf:3    | Identified the +3 sling of Death's Door {freeze, rC+ Dex+3}
 70463 | Elf:3    | Identified the +4 ring mail "Hyfo" {^Drain Dex+5 Slay+3}
 70491 | Elf:3    | Identified the +7 shortbow "Zumesatas" {heavy, ^Drain
                  | +Blink Fly Dex+7}
 70505 | Elf:3    | Got the Anthology of the Evil Swarm
 70508 | Elf:3    | Identified the +0 scale mail of Conscience {rPois Int+2}
 71578 | D:14     | Killed hawla's ghost
 72719 | Crypt:1  | Reached skill level 15 in Shapeshifting
 73320 | Crypt:1  | Found a shimmering blue altar of Sif Muna.
 73466 | Crypt:1  | Identified the ring of Ruhosula {Int+6 Dex+3}
 73496 | Crypt:1  | Reached skill level 17 in Spellcasting
 73600 | Crypt:1  | Learned a level 8 spell: Maxwell's Capacitive Coupling
 73902 | Crypt:1  | Reached XP level 24. HP: 192/192 MP: 43/44
 74335 | Crypt:2  | Noticed Margery
 74340 | Crypt:2  | Killed Margery
 74591 | Crypt:2  | Noticed Sojobo
 74596 | Crypt:2  | Killed Sojobo
 74848 | Crypt:2  | Reached skill level 15 in Air Magic
 75076 | Crypt:2  | Noticed Zenata
 75080 | Crypt:2  | Killed Zenata
 75644 | Crypt:3  | Entered Level 3 of the Crypt
 76268 | D:7      | Bought a manual of Spellcasting for 1200 gold pieces
 77324 | Crypt:3  | Found a staircase to the Tomb.
 77889 | Crypt:3  | Identified the staff of the Traitor {rPois Will+ Alchemy}
 77907 | Crypt:3  | Identified the ring "Nuxis" {Wiz rN+ Int+3 Dex-3 Slay+2}
 78216 | Depths:1 | Entered Level 1 of the Depths
 78745 | Depths:1 | Reached skill level 15 in Summonings
 78754 | Depths:1 | Reached skill level 18 in Spellcasting
 78778 | Depths:1 | Reached XP level 25. HP: 156/201 MP: 39/45
 78995 | Depths:1 | Found a one-way gate leading to the halls of Pandemonium.
 79231 | Depths:1 | Found a one-way gate to the infinite horrors of the Abyss.
 79378 | Depths:2 | Identified the ring "Jeorghef" {Ice +Blink rN+ Will- Int+9}
 79378 | Depths:2 | Noticed Josephina
 79398 | Depths:2 | Killed Josephina
 79696 | Depths:2 | Noticed the Enchantress
 79712 | Depths:2 | Killed the Enchantress
 79886 | Depths:2 | Found a shimmering altar of Xom.
 79886 | Depths:2 | Noticed a juggernaut
 80464 | Depths:2 | Acquired a manual of Shapeshifting
 80729 | Slime:1  | Entered Level 1 of the Pits of Slime
 82282 | Slime:4  | Reached skill level 15 in Conjurations
 83193 | Slime:5  | Entered Level 5 of the Pits of Slime
 83531 | Slime:5  | Noticed the Royal Jelly
 83641 | Slime:5  | Killed the Royal Jelly
 83642 | Slime:5  | Reached skill level 19 in Spellcasting
 84021 | Slime:5  | Found the +5 Lochaber axe {reach-cleave, Poleaxe ^Drain}
 84021 | Slime:5  | Found the +8 demon trident "Rift" {distort, reach+}
 84023 | Slime:5  | Found the ring of Shadows {Umbra +Inv Stlth+}
 84072 | Slime:5  | Got the Almanac of Injury
 84114 | Slime:5  | Identified the +1 ring mail of the Monk {rC+}
 84162 | Slime:5  | Got a slimy rune of Zot
 84166 | Slime:5  | Identified the +3 flail of Sunlight {vamp, rCorr Dex+3}
 84493 | Depths:2 | Reached skill level 15 in Hexes
 84493 | Depths:2 | Reached skill level 15 in Necromancy
 84493 | Depths:2 | Reached skill level 15 in Translocations
 84493 | Depths:2 | Reached skill level 15 in Fire Magic
 84493 | Depths:2 | Reached skill level 15 in Ice Magic
 84493 | Depths:2 | Reached skill level 15 in Earth Magic
 84493 | Depths:2 | Reached skill level 15 in Alchemy
 84578 | Depths:2 | Killed a juggernaut
 84917 | Depths:2 | Noticed Boris
 84923 | Depths:2 | Killed Boris
 84944 | Depths:2 | Got the Compilation of Collective Clay
 85915 | Depths:3 | Reached XP level 26. HP: 210/210 MP: 26/46
 86300 | Depths:3 | Identified the +2 battleaxe "Toshac" {vamp, rC+}
 86490 | Depths:3 | Found a white marble altar of Elyvilon.
 86658 | Depths:3 | Identified the amulet of Zofuops {RegenMP Harm rPois Str+9
                  | Dex-3}
 87195 | Depths:4 | Entered Level 4 of the Depths
 87214 | Depths:4 | Found a one-way gateway to a ziggurat.
 87542 | Depths:4 | Found Cessuec's Antique Armour Emporium.
 87636 | Depths:4 | Noticed Mennas
 87656 | Depths:4 | Killed Mennas
 88036 | Depths:4 | Found Uquf's Armour Emporium.
 88141 | Depths:4 | Reached skill level 20 in Spellcasting
 88224 | Depths:4 | Found a gate to the Realm of Zot.
 88264 | Depths:4 | Found a transporter.
 88269 | Depths:4 | Found Zuall's Magic Scroll Shop.
 88294 | Depths:4 | Found Ruokkyug's Armour Shop.
 88335 | Depths:4 | Found Ripa's Weapon Shoppe.
 88495 | Depths:4 | Found a transporter.
 88721 | Zot:1    | Entered Level 1 of the Realm of Zot
 89908 | Zot:2    | Found a transporter.
 89919 | Zot:2    | Found a transporter.
 89965 | Zot:2    | Noticed Parghit
 89969 | Zot:2    | Killed Parghit
 90039 | Zot:2    | Acquired 851 gold pieces
 90401 | Zot:2    | Found a transporter.
 90558 | Zot:2    | Reached XP level 27. HP: 219/219 MP: 47/47
 90558 | Zot:2    | Found a transporter.
 92269 | Zot:4    | Identified the +1 longbow of Impatience {antimagic,
                  | *Corrode rElec rN+ Int+2}
 92671 | Zot:4    | Found a transporter.
 92673 | Zot:4    | Found a transporter.
 92673 | Zot:4    | Found the amulet of the Four Winds {rN+ Will+++ Clar}
 92725 | Zot:4    | Reached skill level 21 in Spellcasting
 93029 | Zot:4    | Found a runed translucent gate.
 93029 | Zot:4    | Found a runed translucent gate.
 93029 | Zot:4    | Found a runed translucent gate.
 93112 | Zot:4    | Noticed Beuseq's ghost (master GnFi)
 93112 | Zot:4    | Noticed Jiorhin's ghost (legendary TrBe)
 93113 | Zot:4    | Noticed Nuogoul's ghost (master OnMo)
 93796 | Vaults:5 | Entered Level 5 of the Vaults
 93883 | Vaults:5 | Noticed a dread lich
 94137 | Vaults:4 | Paralysed by something for 2 turns
 94139 | Vaults:4 | Killed a dread lich
 95469 | Vaults:5 | Noticed an ancient lich
 95474 | Vaults:5 | Killed an ancient lich
 95483 | Vaults:5 | Noticed Jory
 95490 | Vaults:5 | Killed Jory
 95912 | Vaults:5 | Identified the amulet of Qiuhuwiu {Acrobat Dex+3}
 95986 | Vaults:5 | Identified the +3 quarterstaff "Giantslayer" {heavy, Str+5
                  | Stlth+}
 96237 | Vaults:5 | Identified the +4 dagger "Ynud" {pain, rPois Str+3 Stlth+}
 96245 | Vaults:5 | Got a silver rune of Zot
 96248 | Vaults:5 | Identified the +3 pair of gloves of Chimes {rC+ Str+5
                  | Int-5}
 96250 | Vaults:5 | Identified the ring "Kiutz" {rF- rC+ rCorr Int+3}
 96259 | Vaults:5 | Identified the +3 buckler of the Lute {rElec Will+++ Str-3
                  | Dex+3}
 96266 | Vaults:5 | Got the Collected Works on the Atmosphere and Hexes
 96272 | Vaults:5 | Identified the staff of Kikubaaqudgha {rF+ Str+2 Fire}
 97047 | Vaults:5 | Identified the +3 troll leather armour "Zoto Damm" {Will-
                  | Regen+ Int+2 Slay+2}
 97070 | Vaults:5 | Found Arathriurel's Book Emporium.
 97076 | Vaults:5 | Identified the +6 flail of Acug {venom, *Corrode rC-
                  | Will+++ Str+6}
 97100 | Vaults:5 | Reached skill level 22 in Spellcasting
 97258 | Vaults:5 | Identified the ring "Taiqofozxo" {rElec rC+ Str+6 SInv}
 97339 | Vaults:5 | Learned a level 9 spell: Chain Lightning
 97660 | Depths:1 | Voluntarily entered the Abyss.
 97941 | Abyss:2  | Learned a level 8 spell: Summon Horrible Things
 97950 | Abyss:2  | Found a corrupted altar of Lugonu.
 99385 | Abyss:3  | Gained mutation: Potions are less effective at restoring
                  | your health. [a cacodemon]
 99430 | Abyss:3  | Found a corrupted altar of Lugonu.
 99430 | Abyss:3  | Found a corrupted altar of Lugonu.
 99430 | Abyss:3  | Found a corrupted altar of Lugonu.
100102 | Abyss:3  | Found a corrupted altar of Lugonu.
100106 | Abyss:3  | Found a corrupted altar of Lugonu.
100106 | Abyss:3  | Found a corrupted altar of Lugonu.
100329 | Abyss:3  | Found a corrupted altar of Lugonu.
100609 | Depths:1 | Escaped the Abyss
100724 | Depths:1 | Voluntarily entered the Abyss.
100724 | Abyss:4  | Found a corrupted altar of Lugonu.
100788 | Abyss:4  | Reached skill level 23 in Spellcasting
100798 | Abyss:4  | Got an abyssal rune of Zot
100997 | Depths:1 | Escaped the Abyss
101739 | Zot:5    | Entered Level 5 of the Realm of Zot
101851 | Zot:5    | Noticed an orb of fire
101919 | Zot:5    | Found the +4 dragonskin cloak
101919 | Zot:5    | Noticed Tiamat
102603 | Zot:5    | Killed Tiamat
102686 | Zot:5    | Noticed a dread lich
102686 | Zot:5    | Noticed an ancient lich
102686 | Zot:5    | Noticed an orb of fire
102688 | Zot:5    | Noticed a dread lich
102704 | Zot:5    | Gained mutation: You are frail. (-10% HP) [an orb of fire]
102706 | Zot:5    | Lost mutation: Potions are less effective at restoring your
                  | health. [potion of mutation]
102706 | Zot:5    | Lost mutation: You are frail. (-10% HP) [potion of
                  | mutation]
102706 | Zot:5    | Gained mutation: You have supernaturally acute eyesight.
                  | (SInv) [potion of mutation]
102706 | Zot:5    | Gained mutation: Your mind is acute. (Int +4, Str/Dex -1)
                  | [potion of mutation]
102706 | Zot:5    | Gained mutation: You have a pair of small horns on your
                  | head. [potion of mutation]
102716 | Zot:5    | Noticed a dread lich
102754 | Zot:5    | Noticed an orb of fire
102755 | Zot:5    | Gained mutation: You occasionally shout uncontrollably at
                  | your foes. [an orb of fire]
102756 | Zot:5    | Noticed an orb of fire
103490 | Hell     | Entered the Vestibule of Hell
103490 | Hell     | Noticed Geryon
105646 | Hell     | Killed Geryon
105816 | Hell     | Found a gateway to the ashen valley of Gehenna.
105856 | Hell     | Found a gateway to the decaying netherworld of Tartarus.
106118 | Hell     | Found a gateway to the Iron City of Dis.
106139 | Hell     | Found a gateway to the freezing wastes of Cocytus.
106704 | Zot:3    | Banished Jiorhin's ghost
106813 | Zot:3    | Killed Nuogoul's ghost
106908 | Zot:4    | Killed Beuseq's ghost
107033 | Zot:5    | Gained mutation: You have hidden genetic defects. [an orb
                  | of fire]
107035 | Zot:5    | Killed an orb of fire
107037 | Zot:5    | Lost mutation: You have a pair of small horns on your head.
                  | [potion of mutation]
107037 | Zot:5    | Lost mutation: Your mind is acute. (Int +4, Str/Dex -1)
                  | [potion of mutation]
107037 | Zot:5    | Gained mutation: Your system is resistant to poisons.
                  | (rPois) [potion of mutation]
107037 | Zot:5    | Gained mutation: You are resistant to electric shocks.
                  | (rElec) [potion of mutation]
107038 | Zot:5    | Lost mutation: You have hidden genetic defects. [potion of
                  | mutation]
107038 | Zot:5    | Lost mutation: You occasionally shout uncontrollably at
                  | your foes. [potion of mutation]
107038 | Zot:5    | Lost mutation: Your system is resistant to poisons. (rPois)
                  | [potion of mutation]
107038 | Zot:5    | Gained mutation: You occasionally lose the ability to drink
                  | potions when taking damage. [potion of mutation]
107038 | Zot:5    | Gained mutation: You have a pair of small horns on your
                  | head. [potion of mutation]
107038 | Zot:5    | Gained mutation: You have sharp toenails. [potion of
                  | mutation]
107186 | Zot:4    | Lost mutation: You occasionally lose the ability to drink
                  | potions when taking damage. [potion of mutation]
107186 | Zot:4    | Lost mutation: You are resistant to electric shocks.
                  | (rElec) [potion of mutation]
107186 | Zot:4    | Gained mutation: You have hidden genetic potential. [potion
                  | of mutation]
107186 | Zot:4    | Gained mutation: You have great hidden genetic potential.
                  | [potion of mutation]
107186 | Zot:4    | Gained mutation: Armour fits poorly on your strangely
                  | shaped body. [potion of mutation]
107186 | Zot:4    | Gained mutation: You are robust. (+10% HP) [potion of
                  | mutation]
107265 | Zot:5    | Paralysed by a dread lich for 3 turns
107272 | Zot:5    | Killed an orb of fire
107286 | Zot:4    | Killed a dread lich
107641 | Zot:5    | Killed a dread lich
107648 | Zot:5    | Reached skill level 24 in Spellcasting
107846 | Zot:5    | Killed an ancient lich
108052 | Zot:5    | Killed an orb of fire
108238 | Zot:5    | Killed a dread lich
108812 | Zot:5    | Got the Orb of Zot
109126 | D:15     | Lost mutation: You are robust. (+10% HP) [a cacodemon]
109402 | D:3      | Found a snail-covered altar of Cheibriados.
109402 | D:3      | Found a glowing golden altar of the Shining One.
109537 | D:$      | Escaped with the Orb!

Illustrated notes

Levels and vault maps discovered:
D:1:      beargit_arrival_greenhouse, layout_loops_cross, grunt_decor_junction
D:2:      minmay_razor_zed, layout_rooms, ebering_ecumenical_altar_rust,
          hex_large, chequers_serial_rivers_large_b, kennysheep_generic_room_14
D:3:      layout_basic, nicolae_overflow_hidden_temple
D:4:      layout_loops_ring, uniq_blork_the_orc, uniq_ijyb
D:5:      layout_basic, minmay_misc_feat_hallway, uniq_grinder, uniq_edmund
D:6:      layout_gridville, mainiacjoe_overflow_alcove_2,
          minmay_temple_entry_junction, chequers_serial_rivers_micro_d,
          serial_bayou_lagoon_a, uniq_sigmund, uniq_prince_ribbit1
D:7:      layout_basic, nicolae_shop_self_help, uniq_menkaure, uniq_joseph
D:8:      layout_loops_ring
D:9:      layout_cave_pools, serial_library,
          serial_library_regret_index_split_case,
          serial_library_regret_index_split_case,
          serial_library_hellmonk_h_bend,
          serial_library_hellmonk_recessed_alcove,
          serial_library_hellmonk_small_alcove,
          serial_library_hellmonk_reading_circle,
          serial_library_hellmonk_secret_room, serial_library_hellmonk_room_c,
          serial_shops, nicolae_shop_tiny_statue_garden, nicolae_fort_ynox,
          uniq_harold, uniq_gastronok
D:10:     layout_loops_ring, uniq_maurice
D:11:     layout_cave_pools, dpeg_lair_monsters, david_orc_3,
          nicolae_shop_i_like_big_books
D:12:     layout_roguey, serial_shops, kennysheep_little_box, kennysheep_mini,
          nicolae_ru_sacrificial_ziggurat, uniq_snorg
D:13:     layout_roguey, introduction_to_nature_2, uniq_erolcha, uniq_urug,
          uniq_nessos
D:14:     layout_cave_pods, skrybe_vaults_entry_preservation,
          muffindrake_ghost_dual_entry
D:15:     gammafunk_depths_entry_grave, layout_cave_pools, lemuel_doored_altar,
          serial_bayou_pond_a
Temple:   minmay_crystal_spiral_temple
Lair:1:   layout_roguey, basic_altar, grunt_megastairs_1
Lair:2:   nzn_winding_woodlands_huge [nzn_winding_woodlands_5x15_garden,
          nzn_winding_woodlands_5x15_default,
          nzn_winding_woodlands_5x15_default, nzn_winding_woodlands_5x15_twine,
          nzn_winding_woodlands_5x15_crooked, nzn_winding_woodlands_5x15_parted,
          nzn_winding_woodlands_5x15_cabin, nzn_winding_woodlands_5x15_pockets,
          nzn_winding_woodlands_5x15_sidewinder, nzn_winding_woodlands_5x15_eye,
          nzn_winding_woodlands_center_pierced_h,
          nzn_winding_woodlands_center_triple_pond,
          nzn_winding_woodlands_15x15_boxy_spiral], layout_regular_city,
          hellmonk_spider_entry_life_and_decay
Lair:3:   layout_cave_pods, minmay_swamp_entry_eels, serial_bayou_shore_a,
          infiniplex_staircase_pool, uniq_amaemon
Lair:4:   layout_roguey
Lair:5:   evil_forest, layout_long_grid, slime_entry_1, worms_lemuel
Swamp:1:  layout_basic_swamp, evilmike_swamp_ruin_house_1, swamp_pool_1_2
Swamp:2:  layout_basic_swamp, serial_swamp_ruin, evilmike_swamp_ruin_house_3,
          evilmike_swamp_ruin_house_4, uniq_louise
Swamp:3:  layout_basic_swamp, evilmike_swamp_ruin_rubble_1, swamp_pool_1_2,
          nicolae_swamp_tree_isthmus, infiniplex_staircase_pool_2,
          nicolae_swamp_decorative_isthmus
Swamp:4:  swamp_old_school, layout_basic_swamp, swamp_pool_1_2, uniq_bai_suzhen
Spider:1: layout_spider_delve
Spider:2: layout_spider_delve, nicolae_spider_paper_wasps
Spider:3: layout_spider_delve, special_room [special_room_bee], drop_trap
Spider:4: spider_rune_water, hangedman_spider_tarantella_strand
Slime:1:  layout_caves, cheibrodos_slime_lost_civilization_5
Slime:2:  layout_caves
Slime:3:  layout_caves
Slime:4:  nicolae_slime_infinislime, layout_caves, nicolae_slime_phagocytosis
Slime:5:  slime_pit
Orc:1:    layout_caves, serial_shops, shop
Orc:2:    hellmonk_orc_salted, layout_caves, serial_shops,
          nicolae_shop_peninsula
Elf:1:    layout_loops_cross, serial_shops, nicolae_shop_rolled_up,
          nicolae_elf_blasts_and_bolts, uniq_donald
Elf:2:    nicolae_elf_blades_splatter_lattice [nicolae_blade_entry_antechamber],
          layout_geoelf_octagon
Elf:3:    elf_hall, layout_geoelf_diagonals, serial_shops,
          nicolae_shop_hallway_stairs, minmay_elf_necromancy
Vaults:1: infiniplex_enter_wizlab_water, nicolae_vaults_wine_cellar,
          nicolae_vaults_enemy_cabinets, v_pattern_4, v_alt_pattern_4,
          hangedman_vaults_stream, v_misc_9, nicolae_vaults_border_crossing,
          nicolae_vaults_shrinking_rooms_1, nicolae_vaults_tetromino_L_1,
          v_misc_15, layout_vaults_ring, serial_magic_research,
          hangedman_research_thanatology, hangedman_research_thermodynamics,
          hangedman_research_quantum, hangedman_research_convocations
Vaults:2: vaults_standard_mumra_enter_the_diamond, nicolae_vaults_tetromino_Z_1,
          hangedman_vaults_slice, nicolae_vaults_network_periphery,
          nicolae_vaults_frosty_reception, nicolae_vaults_house_3, v_misc_26,
          layout_vaults_quadrants, serial_shops, nicolae_diamond_shop
Vaults:3: v_misc_26, hangedman_vaults_stitches, v_misc_13,
          nicolae_vaults_trapezoid_layered, nicolae_vaults_network_quincunx
          [nicolae_vaults_network_quincunx_subvault,
          nicolae_vaults_network_quincunx_subvault,
          nicolae_vaults_network_quincunx_subvault,
          nicolae_vaults_network_quincunx_subvault,
          nicolae_vaults_network_quincunx_subvault], hangedman_vaults_corner,
          vaults_room_grid, v_misc_27, nicolae_vaults_security_offices_1,
          v_alt_pattern_2, ontoclasm_vaults_loading_screen,
          vaults_dpeg_diagonal, layout_vaults_omnibox
Vaults:4: nicolae_vaults_twisting_passages, nicolae_vaults_diamond_1,
          nicolae_vaults_doubleplus_tesselated, ontoclasm_vaults_pinch,
          v_misc_22, nicolae_vaults_crenellated_ambush, ontoclasm_vaults_eye,
          nicolae_vaults_six-pack, nicolae_vaults_tetromino_T_2,
          nicolae_vaults_tetromino_L_2, grunt_vaults_hallway_long,
          layout_vaults_big_room, uniq_norris, uniq_boris
Vaults:5: serial_shops, uniq_jory
Crypt:1:  layout_gridlike, hangedman_summoners_spam,
          roderic_lattice_octagonal_star, grunt_crypt_arrival_webbed
Crypt:2:  layout_catacombs, nicolae_crypt_stairs_room, uniq_zenata, uniq_sojobo,
          uniq_margery
Crypt:3:  due_elkab, layout_chaotic_city
Depths:1: layout_small_grid, rand_demon_pan_entry_7, hangedman_geh_valley,
          abyss_entry_crystal, minivault_1, kennysheep_generic_room_10
Depths:2: hangedman_cross_cluster, layout_honeycomb,
          chequers_serial_rivers_micro_d, hell_entry, rand_demon_pan_entry_3,
          uniq_josephina, uniq_enchantress
Depths:3: kennysheep_windowed_halls, layout_cave_pools, hell_entry, abyss_entry,
          nicolae_elyvilon_temple_path
Depths:4: grunt_crosshair, layout_cross, enter_ziggurat_f,
          minmay_misc_feat_roman, hell_entry, rand_demon_pan_entry_8,
          serial_shops, nicolae_shop_drivethru, shop, shop,
          nicolae_shop_temple_entry_statues_fountains, nicolae_shop_statue_plus,
          chequers_serial_rivers_small_b, uniq_mennas
Hell
Zot:1:    layout_onion, hangedman_zot_decor_checkerboard
Zot:2:    layout_gridlike, nicolae_transporter_intersection, uniq_parghit
Zot:3:    layout_cathedral_of_symmetry, regret_index_zotdec_stipple_waver,
          grunt_megastairs_2
Zot:4:    gammafunk_sealed_arena, layout_misc_corridors,
          gammafunk_ghost_cemetery
Zot:5:    layout_gridlike, nrook_zot_tub, uniq_tiamat

Skill      XL: |  1  2  3  4  5  6  7  8  9 10 11 12 13 14 15 16 17 18 19 20 21 22 23 24 25 26 27 |
---------------+----------------------------------------------------------------------------------+-----
Conjurations   | 2 3 4 5 6 7 8 9 10 11 12 13 14 15 18 | 18.0
Spellcasting   | 5 6 7 8 9 10 11 12 13 14 15 16 17 18 19 20 24 | 24.5
Invocations    | 1 2 3 4 5 6 7 8 9 10 11 12 13 14 15 16 17 18 19 22 | 22.5
Fighting       | 1 2 3 5 6 7 8 9 10 11 12 13 14 15 16 17 18 20 | 20.9
Short Blades   | 1 2 3 5 6 7 8 9 10 11 12 13 14 15 16 17 18 20 | 20.9
Long Blades    | 1 2 3 5 6 7 8 9 10 11 12 13 14 15 16 17 18 20 | 20.9
Axes           | 1 2 3 5 6 7 8 9 10 11 12 13 14 15 16 17 18 20 | 20.9
Maces & Flails | 1 2 3 5 6 7 8 9 10 11 12 13 14 15 16 17 18 20 | 20.9
Polearms       | 1 2 3 5 6 7 8 9 10 11 12 13 14 15 16 17 18 20 | 20.9
Staves         | 1 2 3 5 6 7 8 9 10 11 12 13 14 15 16 17 18 20 | 20.9
Ranged Weapons | 1 2 3 5 6 7 8 9 10 11 12 13 14 15 16 17 18 20 | 20.9
Throwing       | 1 2 3 5 6 7 8 9 10 11 12 13 14 15 16 17 18 20 | 20.9
Armour         | 1 2 3 5 6 7 8 9 10 11 12 13 14 15 16 17 18 20 | 20.9
Shields        | 1 2 3 5 6 7 8 9 10 11 12 13 14 15 16 17 18 20 | 20.9
Unarmed Combat | 1 2 3 5 6 7 8 9 10 11 12 13 14 15 16 17 18 20 | 20.9
Evocations     | 1 2 3 5 6 7 8 9 10 11 12 13 14 15 16 17 18 20 | 20.9
Shapeshifting  | 1 2 3 4 5 6 7 8 9 10 11 12 13 14 15 16 18 22 | 22.0
Hexes          | 1 2 3 4 5 6 7 8 9 10 11 12 13 14 15 17 | 17.8
Summonings     | 1 2 3 4 5 6 7 8 9 10 11 12 13 15 16 17 20 | 20.9
Necromancy     | 1 2 3 4 5 6 7 8 9 10 11 12 13 14 15 17 | 17.8
Translocations | 1 2 3 4 5 6 7 8 9 10 11 12 13 14 15 17 | 17.8
Fire Magic     | 1 2 3 4 5 6 7 8 9 10 11 12 13 14 15 17 | 17.8
Ice Magic      | 1 2 3 4 5 6 7 8 9 10 11 12 13 14 15 17 | 17.8
Earth Magic    | 1 2 3 4 5 6 7 8 9 10 11 12 13 14 15 17 | 17.8
Alchemy        | 1 2 3 4 5 6 7 8 9 10 11 12 13 14 15 17 | 17.8
Dodging        | 5 6 7 8 9 10 11 12 13 14 15 16 17 18 21 | 21.3
Stealth        | 5 6 7 8 9 10 11 12 13 14 15 16 17 18 21 | 21.2
Air Magic      | 6 7 8 9 10 11 12 13 14 15 16 17 21 | 21.2

Action                     |  1- 3 |  4- 6 |  7- 9 | 10-12 | 13-15 | 16-18 | 19-21 | 22-24 | 25-27 || total
---------------------------+-------+-------+-------+-------+-------+-------+-------+-------+-------++-------
  Melee: Hand axe          |       |     5 |    19 |       |       |       |       |       |       ||    24
         Unarmed           |       |       |     6 |       |       |       |       |       |    15 ||    21
         Bite              |       |       |     2 |    20 |    65 |    71 |    30 |       |    93 ||   281
         Long sword        |       |       |       |   106 |   191 |       |       |       |       ||   297
         Scimitar          |       |       |       |       |   174 |   413 |   219 |       |       ||   806
         Demon trident     |       |       |       |       |       |       |       |       |  1014 ||  1014
         Hand cannon       |       |       |       |       |       |       |       |       |    11 ||    11
         Headbutt          |       |       |       |       |       |       |       |       |    23 ||    23
   Fire: Hand cannon       |       |       |       |       |       |       |   256 |   287 |    84 ||   627
  Throw: Dart              |       |       |     6 |     2 |    10 |    10 |     3 |       |       ||    31
         Javelin           |       |       |       |       |       |       |    17 |       |       ||    17
   Cast: Shock             |    79 |   140 |   273 |   593 |   221 |    12 |       |       |     1 ||  1319
         Airstrike         |       |       |       |    61 |   329 |   309 |    76 |    26 |    15 ||   816
         Mephitic Cloud    |       |       |       |    24 |    39 |    35 |    12 |       |     4 ||   114
         Swiftness         |       |       |       |     1 |     1 |       |       |       |       ||     2
         Sticky Flame      |       |       |       |       |    45 |    16 |    34 |    20 |     3 ||   118
         Fulminant Prism   |       |       |       |       |    35 |     8 |       |       |       ||    43
         Fireball          |       |       |       |       |    43 |    76 |    21 |    15 |     6 ||   161
         Iskenderun's Myst |       |       |       |       |     3 |       |       |       |       ||     3
         Freezing Cloud    |       |       |       |       |     4 |    44 |    55 |    17 |    52 ||   172
         Yara's Violent Un |       |       |       |       |     3 |     7 |     3 |    11 |    29 ||    53
         Plasma Beam       |       |       |       |       |       |    49 |   420 |   474 |   760 ||  1703
         Borgnjor's Vile C |       |       |       |       |       |     1 |     6 |       |     4 ||    11
         Irradiate         |       |       |       |       |       |       |       |    68 |   150 ||   218
         Blink             |       |       |       |       |       |       |       |     6 |     9 ||    15
         Maxwell's Capacit |       |       |       |       |       |       |       |     4 |    35 ||    39
         Chain Lightning   |       |       |       |       |       |       |       |       |     4 ||     4
         Summon Horrible T |       |       |       |       |       |       |       |       |     1 ||     1
Ability: Begin Untransform |       |       |       |       |       |       |       |       |     1 ||     1
  Evoke: Wand              |       |     1 |     5 |     5 |     2 |     2 |     1 |       |     5 ||    21
         Tin of tremorston |       |       |       |       |     3 |     2 |     2 |       |       ||     7
         Lightning rod     |       |       |       |       |       |       |    12 |     4 |     4 ||    20
         Phantom mirror    |       |       |       |       |       |       |     2 |       |       ||     2
         Sack of spiders   |       |       |       |       |       |       |     1 |       |     1 ||     2
    Use: Scroll            |       |     6 |     3 |     8 |     9 |     7 |     3 |     1 |    17 ||    54
         Potion            |       |       |       |     7 |     1 |     1 |    16 |       |    16 ||    41
   Stab: Confused          |       |       |       |     8 |    35 |    32 |     7 |       |     5 ||    87
         Sleeping          |       |       |       |     1 |     3 |     3 |       |       |     6 ||    13
         Paralysed         |       |       |       |       |     1 |       |       |       |       ||     1
         Distracted        |       |       |       |       |       |       |     1 |       |    34 ||    35
 Armour: Robe              |     6 |       |       |       |       |       |       |       |       ||     6
         Leather armour    |       |     9 |       |       |       |       |       |       |       ||     9
         Ring mail         |       |     9 |    80 |       |       |       |       |       |       ||    89
         Skin              |       |       |     1 |       |       |       |       |       |     1 ||     2
         Quicksilver drago |       |       |       |   282 |   375 |   400 |   445 |   178 |     9 ||  1689
         Acid dragon scale |       |       |       |       |       |       |       |       |   400 ||   400
         Gold dragon scale |       |       |       |       |       |       |       |       |   605 ||   605
  Dodge: Dodged            |    11 |    29 |    69 |   217 |   290 |   301 |   235 |   130 |   546 ||  1828
         Repelled          |       |       |       |       |       |       |     2 |     8 |    32 ||    42
  Block: Buckler           |       |       |    23 |   227 |   358 |   356 |   230 |       |       ||  1194
         Reflection        |       |       |     2 |     9 |    26 |     7 |    26 |    31 |    34 ||   135
         Tower shield      |       |       |       |       |       |       |   102 |   197 |    21 ||   320
         Kite shield       |       |       |       |       |       |       |       |    83 |   682 ||   765
         Form:             |       |       |       |       |     1 |       |       |       |     1 ||     2
         Serpent           |       |       |       |       |     1 |       |       |       |       ||     1
         Maw               |       |       |       |       |     1 |       |       |       |       ||     1
         Statue            |       |       |       |       |       |       |       |       |     2 ||     2
